| Goals | Penalties |
1. Lightning , Aliaksei Protas 7 (Alex Ovechkin 14, Scott Laughton 12) at 0:10
2. Oilers , Frank Vatrano 11 (Adrian Kempe 13, Jani Hakanpää 5) at 8:45
|
Moritz Seider (EDM) for Spearing (Major / Game Misconduct) at 3:15 Nick Blankenburg (EDM) for High sticking (Minor) at 14:33
|
3. Oilers , Frank Vatrano 12 (Adrian Kempe 14, Nico Hischier 20) at 3:38 (PP)
|
Colin Miller (TAM) for Slashing (Minor) at 2:58 Frank Vatrano (EDM) for High sticking (Minor) at 12:49
|
4. Oilers , Adrian Kempe 15 (Nico Hischier 21, Frank Vatrano 13) at 7:56 (PP)
|
Radko Gudas (EDM) for Holding (Minor) at 3:33 Luke Schenn (TAM) for Hooking (Minor) at 6:32 Cole Smith (EDM) for Tripping (Minor) at 8:23
|
|
Hunter Shepard (EDM), 9 saves from 10 shots - (0,900), W, 4-2-1, 60:00 minutes
Sam Montembeault (TAM), 24 saves from 27 shots - (0,889), L, 7-7-2, 60:00 minutes
|
|
1 - Frank Vatrano (EDM)
2 - Adrian Kempe (EDM)
3 - Nico Hischier (EDM)
|
Referees : Graedy Hamilton and Samantha Hiller
Linesman : Derek Nansen and Travis Gawryletz
|
|
Moritz Seider (EDM) for Spearing (Major / Game Misconduct) at 3:15
Moritz Seider ejected from game at 3:15 of 1st period
|
|
Level 1 -- Attendance: 6000 (100%) -- Ticket Income $450,000
Level 2 -- Attendance: 4750 (95%) -- Ticket Income $223,250
Level 3 -- Attendance: 3758 (100%) -- Ticket Income $82,676
Level 4 -- Attendance: 4000 (100%) -- Ticket Income $60,000
Luxury Box -- Attendance: 1000 (100%) -- Ticket Income $175,000
Game was played at the St Pete Times Forum.
Total Attendance: 19508 (99%)
Total Ticket Income: $990,926
Other Income: $297,278
Total Income: $1,288,204
|
| Team Name |
Goals |
Shots |
Shots Attemp |
Shots Blocked |
PIM |
HIT |
PP |
PK |
FO% |
| Oilers |
3 | 27 | 50 | 4 | 23 | 24 | 2 / 2 (100%) | 0 | 41% |
| Lightning |
1 | 10 | 31 | 10 | 4 | 15 | 0 / 5 (0%) | 2 | 59% |
Oilers
| Player Name |
POS |
G |
A |
P |
+/- |
PIM |
HIT |
SHT |
SB |
MP |
PP MP |
PP SHT |
PK MP |
PK SHT |
FO% |
FOT |
GA |
TA |
| Adam Edstrom | C/RW | 0 | 0 | 0 | 0 | 0 | 1 | 1 | 0 | 15:18 | 0:00 | 0 | 2:18 | 0 | 0% |
1 | 0 | 0 |
| Adrian Kempe | LW/RW | 1 | 2 | 3 | 0 | 0 | 2 | 3 | 0 | 19:22 | 1:40 | 2 | 1:45 | 0 | 0% |
0 | 0 | 0 |
| Blake Lizotte | C/LW/RW | 0 | 0 | 0 | 0 | 0 | 0 | 2 | 2 | 12:48 | 0:00 | 0 | 5:51 | 2 | 67% |
3 | 1 | 0 |
| Chris Kreider | LW/RW | 0 | 0 | 0 | 0 | 0 | 1 | 5 | 0 | 14:22 | 0:24 | 0 | 0:03 | 0 | 0% |
0 | 0 | 0 |
| Cole Smith | LW/RW | 0 | 0 | 0 | 0 | 2 | 3 | 0 | 0 | 13:18 | 0:00 | 0 | 4:47 | 0 | 0% |
0 | 0 | 0 |
| Frank Vatrano | LW/RW | 2 | 1 | 3 | 0 | 2 | 4 | 4 | 0 | 17:21 | 1:40 | 1 | 0:00 | 0 | 0% |
0 | 0 | 0 |
| Jack McBain | C | 0 | 0 | 0 | 0 | 0 | 1 | 4 | 0 | 16:37 | 0:00 | 0 | 6:55 | 0 | 50% |
8 | 0 | 0 |
| Jani Hakanpää | D | 0 | 1 | 1 | 1 | 0 | 0 | 0 | 0 | 17:51 | 0:27 | 0 | 0:39 | 0 | 0% |
0 | 0 | 1 |
| Jared McCann | C/LW | 0 | 0 | 0 | 0 | 0 | 2 | 0 | 0 | 14:19 | 0:24 | 0 | 0:00 | 0 | 63% |
8 | 0 | 0 |
| Moritz Seider | D | 0 | 0 | 0 | 0 | 15 | 0 | 0 | 0 | 1:58 | 0:00 | 0 | 0:00 | 0 | 0% |
0 | 1 | 0 |
| Nate Schmidt | D | 0 | 0 | 0 | 1 | 0 | 0 | 0 | 0 | 12:25 | 1:37 | 0 | 3:20 | 0 | 0% |
0 | 0 | 0 |
| Nick Blankenburg | D | 0 | 0 | 0 | 0 | 2 | 2 | 1 | 0 | 15:17 | 0:00 | 0 | 4:42 | 0 | 0% |
0 | 0 | 1 |
| Nico Hischier | C | 0 | 2 | 2 | 0 | 0 | 2 | 3 | 0 | 17:33 | 1:40 | 1 | 0:11 | 0 | 33% |
18 | 4 | 0 |
| Noah Gregor | C/LW/RW | 0 | 0 | 0 | 0 | 0 | 0 | 0 | 0 | 11:05 | 0:00 | 0 | 4:00 | 0 | 0% |
2 | 0 | 0 |
| Ondrej Palat | LW/RW | 0 | 0 | 0 | 0 | 0 | 1 | 1 | 0 | 14:33 | 0:24 | 0 | 0:00 | 0 | 0% |
1 | 0 | 0 |
| Radko Gudas | D | 0 | 0 | 0 | -1 | 2 | 0 | 0 | 0 | 23:43 | 1:37 | 0 | 5:24 | 0 | 0% |
0 | 0 | 0 |
| Rasmus Dahlin | D | 0 | 0 | 0 | -1 | 0 | 1 | 1 | 0 | 26:18 | 0:27 | 0 | 6:32 | 1 | 0% |
0 | 1 | 0 |
| Ty Emberson | D | 0 | 0 | 0 | 0 | 0 | 4 | 2 | 2 | 22:52 | 0:00 | 0 | 5:13 | 0 | 0% |
0 | 0 | 0 |
Lightning
| Player Name |
POS |
G |
A |
P |
+/- |
PIM |
HIT |
SHT |
SB |
MP |
PP MP |
PP SHT |
PK MP |
PK SHT |
FO% |
FOT |
GA |
TA |
| Alex Ovechkin | LW/RW | 0 | 1 | 1 | 1 | 0 | 3 | 3 | 1 | 23:29 | 6:20 | 1 | 1:18 | 0 | 50% |
4 | 2 | 0 |
| Aliaksei Protas | C/LW/RW | 1 | 0 | 1 | 1 | 0 | 2 | 1 | 0 | 20:15 | 6:22 | 0 | 0:46 | 0 | 0% |
1 | 0 | 0 |
| Ben Jones | C | 0 | 0 | 0 | -1 | 0 | 1 | 0 | 0 | 6:12 | 0:08 | 0 | 0:00 | 0 | 100% |
1 | 0 | 0 |
| Calle Jarnkrok | C/LW/RW | 0 | 0 | 0 | 0 | 0 | 1 | 1 | 1 | 15:18 | 1:28 | 0 | 0:00 | 0 | 50% |
6 | 0 | 0 |
| Colin Miller | D | 0 | 0 | 0 | 0 | 2 | 0 | 0 | 1 | 18:56 | 4:51 | 0 | 0:46 | 0 | 0% |
0 | 0 | 0 |
| David Gustafsson | C/LW/RW | 0 | 0 | 0 | 0 | 0 | 0 | 0 | 0 | 14:38 | 1:04 | 0 | 0:00 | 0 | 0% |
0 | 0 | 0 |
| Erik Karlsson | D | 0 | 0 | 0 | 1 | 0 | 1 | 0 | 0 | 25:15 | 7:29 | 0 | 1:18 | 0 | 0% |
0 | 0 | 2 |
| Jordan Oesterle | D | 0 | 0 | 0 | -1 | 0 | 0 | 0 | 0 | 10:17 | 0:35 | 0 | 0:00 | 0 | 0% |
0 | 0 | 0 |
| Luke Schenn | D | 0 | 0 | 0 | 1 | 2 | 0 | 2 | 2 | 24:36 | 7:29 | 0 | 0:40 | 0 | 0% |
0 | 0 | 0 |
| Mike Reilly | D | 0 | 0 | 0 | -1 | 0 | 0 | 0 | 0 | 5:59 | 0:00 | 0 | 0:00 | 0 | 0% |
0 | 0 | 0 |
| Scott Laughton | C/LW | 0 | 1 | 1 | 1 | 0 | 1 | 1 | 0 | 23:15 | 6:20 | 0 | 1:18 | 0 | 58% |
12 | 0 | 0 |
| Taylor Hall | LW | 0 | 0 | 0 | -1 | 0 | 0 | 1 | 0 | 14:29 | 1:12 | 0 | 0:00 | 0 | 0% |
0 | 0 | 1 |
| Tyler Bertuzzi | LW | 0 | 0 | 0 | 0 | 0 | 3 | 0 | 0 | 20:41 | 5:18 | 0 | 0:46 | 0 | 100% |
1 | 0 | 0 |
| Tyler Motte | C/LW/RW | 0 | 0 | 0 | 0 | 0 | 2 | 0 | 1 | 19:52 | 5:15 | 0 | 0:00 | 0 | 0% |
0 | 0 | 2 |
| Tyson Barrie | D | 0 | 0 | 0 | 0 | 0 | 0 | 0 | 2 | 10:27 | 0:35 | 0 | 0:38 | 0 | 0% |
0 | 0 | 0 |
| Urho Vaakanainen | D | 0 | 0 | 0 | 0 | 0 | 0 | 0 | 2 | 18:57 | 4:51 | 0 | 0:46 | 0 | 0% |
0 | 0 | 1 |
| Vladislav Namestnikov | C/RW | 0 | 0 | 0 | 0 | 0 | 1 | 1 | 0 | 19:19 | 5:18 | 0 | 0:00 | 0 | 63% |
16 | 0 | 1 |
| Yan Kuznetsov | D | 0 | 0 | 0 | -1 | 0 | 0 | 0 | 0 | 5:59 | 0:00 | 0 | 0:00 | 0 | 0% |
0 | 0 | 0 |
Oilers
| 5 vs 5 Forward |
|---|
| Line # | Left Wing | Center | Right Wing | PHY | DF | OF | Wanted % | Time % | Time Play |
| 1 | Adrian Kempe | Nico Hischier | Frank Vatrano | 1 | 1 | 3 | 40 | 35% | 15:47
|
| 2 | Chris Kreider | Jared McCann | Ondrej Palat | 1 | 2 | 2 | 30 | 33% | 14:55
|
| 3 | Cole Smith | Jack McBain | Adam Edstrom | 1 | 2 | 2 | 20 | 19% | 8:27
|
| 4 | Noah Gregor | Blake Lizotte | Adam Edstrom | 2 | 3 | 0 | 10 | 13% | 5:52
|
| 5 vs 5 Defense |
|---|
| Line # | Defense | Defense | | PHY | DF | OF | Wanted % | Time % | Time Play |
| 1 | Rasmus Dahlin | Radko Gudas | | 1 | 2 | 2 | 35 | 36% | 16:11
|
| 2 | Moritz Seider | Ty Emberson | | 1 | 3 | 1 | 35 | 41% | 18:26
|
| 3 | Jani Hakanpää | Nick Blankenburg | | 1 | 3 | 1 | 20 | 20% | 8:54
|
| 4 | Ty Emberson | Rasmus Dahlin | | 1 | 3 | 1 | 10 | 3% | 1:30
|
| Power Play Forward |
|---|
| Line # | Left Wing | Center | Right Wing | PHY | DF | OF | Wanted % | Time % | Time Play |
| 1 | Adrian Kempe | Nico Hischier | Frank Vatrano | 1 | 0 | 4 | 50 | 81% | 1:40
|
| 2 | Chris Kreider | Jared McCann | Ondrej Palat | 1 | 0 | 4 | 50 | 19% | 0:24
|
| Power Play Defense |
|---|
| Line # | Defense | Defense | | PHY | DF | OF | Wanted % | Time % | Time Play |
| 1 | Rasmus Dahlin | Moritz Seider | | 0 | 0 | 5 | 50 | 22% | 0:27
|
| 2 | Radko Gudas | Nate Schmidt | | 0 | 0 | 5 | 50 | 78% | 1:37
|
| Penalty Kill 4 Players Forward |
|---|
| Line # | Center | Wing | PHY | DF | OF | Wanted % | Time % | Time Play |
| 1 | Jack McBain | Cole Smith | 1 | 4 | 0 | 50 | 57% | 7:18
|
| 2 | Jack McBain | Blake Lizotte | 1 | 4 | 0 | 50 | 43% | 5:37
|
| Penalty Kill 4 Players Defense |
|---|
| Line # | Defense | Defense | PHY | DF | OF | Wanted % | Time % | Time Play |
| 1 | Rasmus Dahlin | Radko Gudas | 1 | 4 | 0 | 50 | 50% | 6:30
|
| 2 | Moritz Seider | Ty Emberson | 1 | 4 | 0 | 50 | 50% | 6:25
|
| Penalty Kill 3 Players |
|---|
| Line # | Wing | PHY | DF | OF | Wanted % | Time % | Time Play | Defense | Defense | PHY | DF | OF | Wanted % | Time % | Time Play |
| 1 | Cole Smith | 1 | 4 | 0 | 50 | 0% | 0:00
| Rasmus Dahlin | Moritz Seider | 1 | 4 | 0 | 50 | 0% | 0:00
|
| 2 | Blake Lizotte | 1 | 4 | 0 | 50 | 0% | 0:00
| Radko Gudas | Ty Emberson | 1 | 4 | 0 | 50 | 0% | 0:00
|
| 4 vs 4 Forward |
|---|
| Line # | Center | Wing | PHY | DF | OF | Wanted % | Time % | Time Play |
| 1 | Nico Hischier | Adrian Kempe | 1 | 2 | 2 | 50 | 0% | 0:00
|
| 2 | Jared McCann | Frank Vatrano | 1 | 2 | 2 | 50 | 0% | 0:00
|
| 4 vs 4 Defense |
|---|
| Line # | Defense | | PHY | DF | OF | Wanted % | Time % | Time Play |
| 1 | Rasmus Dahlin | Moritz Seider | 1 | 2 | 2 | 50 | 0% | 0:00
|
| 2 | Radko Gudas | Nate Schmidt | 1 | 2 | 2 | 50 | 0% | 0:00
|
| Last Minutes Offensive |
|---|
| Left Wing | Center | Right Wing | Defense | Defense |
| Adrian Kempe | Nico Hischier | Frank Vatrano | Rasmus Dahlin | Moritz Seider |
| Last Minutes Defensive |
|---|
| Left Wing | Center | Right Wing | Defense | Defense |
| Cole Smith | Blake Lizotte | Adam Edstrom | Radko Gudas | Ty Emberson |
| Time |
|---|
| Total Forward | Total Defense | Last Minutes Offensive | Last Minutes Defensive |
| 60:00 |
60:00 |
0:00 | 0:00 |
| Extra Forwards |
|---|
| Normal | PowerPlay | Penalty Kill |
|
Jack McBain, Ondrej Palat, Noah Gregor | Jack McBain, Blake Lizotte | Noah Gregor |
| Extra Defensemen |
|---|
| Normal | PowerPlay | Penalty Kill |
|
Jani Hakanpää, Nick Blankenburg, Ty Emberson | Jani Hakanpää, Nick Blankenburg | Nate Schmidt |
| Penalty Shots |
|---|
|
Nico Hischier, Adrian Kempe, Jared McCann, Frank Vatrano, Chris Kreider |
| Goalie |
|---|
| Hunter Shepard, Petr Mrazek |
| Scratches |
|---|
|
Josh Brown (Healthy) |
Lightning
| 5 vs 5 Forward |
|---|
| Line # | Left Wing | Center | Right Wing | PHY | DF | OF | Wanted % | Time % | Time Play |
| 1 | Alex Ovechkin | Scott Laughton | Aliaksei Protas | 1 | 1 | 3 | 35 | 28% | 12:47
|
| 2 | Tyler Bertuzzi | Vladislav Namestnikov | Tyler Motte | 1 | 1 | 3 | 30 | 33% | 15:03
|
| 3 | Taylor Hall | Calle Jarnkrok | David Gustafsson | 1 | 2 | 2 | 25 | 26% | 11:53
|
| 4 | Alex Ovechkin | Ben Jones | Scott Laughton | 1 | 2 | 2 | 10 | 12% | 5:18
|
| 5 vs 5 Defense |
|---|
| Line # | Defense | Defense | | PHY | DF | OF | Wanted % | Time % | Time Play |
| 1 | Erik Karlsson | Luke Schenn | | 1 | 2 | 2 | 40 | 37% | 16:28
|
| 2 | Colin Miller | Urho Vaakanainen | | 1 | 2 | 2 | 30 | 30% | 13:20
|
| 3 | Jordan Oesterle | Tyson Barrie | | 1 | 2 | 2 | 20 | 21% | 9:14
|
| 4 | Mike Reilly | Yan Kuznetsov | | 1 | 2 | 2 | 10 | 13% | 5:59
|
| Power Play Forward |
|---|
| Line # | Left Wing | Center | Right Wing | PHY | DF | OF | Wanted % | Time % | Time Play |
| 1 | Alex Ovechkin | Scott Laughton | Aliaksei Protas | 1 | 1 | 3 | 60 | 59% | 7:34
|
| 2 | Tyler Bertuzzi | Vladislav Namestnikov | Tyler Motte | 1 | 1 | 3 | 40 | 41% | 5:21
|
| Power Play Defense |
|---|
| Line # | Defense | Defense | | PHY | DF | OF | Wanted % | Time % | Time Play |
| 1 | Erik Karlsson | Luke Schenn | | 1 | 2 | 2 | 60 | 62% | 8:04
|
| 2 | Colin Miller | Urho Vaakanainen | | 1 | 2 | 2 | 40 | 38% | 4:51
|
| Penalty Kill 4 Players Forward |
|---|
| Line # | Center | Wing | PHY | DF | OF | Wanted % | Time % | Time Play |
| 1 | Alex Ovechkin | Scott Laughton | 1 | 2 | 2 | 60 | 63% | 1:18
|
| 2 | Aliaksei Protas | Tyler Bertuzzi | 1 | 2 | 2 | 40 | 37% | 0:46
|
| Penalty Kill 4 Players Defense |
|---|
| Line # | Defense | Defense | PHY | DF | OF | Wanted % | Time % | Time Play |
| 1 | Erik Karlsson | Luke Schenn | 1 | 2 | 2 | 60 | 63% | 1:18
|
| 2 | Colin Miller | Urho Vaakanainen | 1 | 2 | 2 | 40 | 37% | 0:46
|
| Penalty Kill 3 Players |
|---|
| Line # | Wing | PHY | DF | OF | Wanted % | Time % | Time Play | Defense | Defense | PHY | DF | OF | Wanted % | Time % | Time Play |
| 1 | Alex Ovechkin | 1 | 2 | 2 | 60 | 0% | 0:00
| Erik Karlsson | Luke Schenn | 1 | 2 | 2 | 60 | 0% | 0:00
|
| 2 | Scott Laughton | 1 | 2 | 2 | 40 | 0% | 0:00
| Colin Miller | Urho Vaakanainen | 1 | 2 | 2 | 40 | 0% | 0:00
|
| 4 vs 4 Forward |
|---|
| Line # | Center | Wing | PHY | DF | OF | Wanted % | Time % | Time Play |
| 1 | Alex Ovechkin | Scott Laughton | 1 | 2 | 2 | 60 | 0% | 0:00
|
| 2 | Aliaksei Protas | Tyler Bertuzzi | 1 | 2 | 2 | 40 | 0% | 0:00
|
| 4 vs 4 Defense |
|---|
| Line # | Defense | | PHY | DF | OF | Wanted % | Time % | Time Play |
| 1 | Erik Karlsson | Luke Schenn | 1 | 2 | 2 | 60 | 0% | 0:00
|
| 2 | Colin Miller | Urho Vaakanainen | 1 | 2 | 2 | 40 | 0% | 0:00
|
| Last Minutes Offensive |
|---|
| Left Wing | Center | Right Wing | Defense | Defense |
| Alex Ovechkin | Scott Laughton | Aliaksei Protas | Erik Karlsson | Luke Schenn |
| Last Minutes Defensive |
|---|
| Left Wing | Center | Right Wing | Defense | Defense |
| Alex Ovechkin | Scott Laughton | Aliaksei Protas | Erik Karlsson | Luke Schenn |
| Time |
|---|
| Total Forward | Total Defense | Last Minutes Offensive | Last Minutes Defensive |
| 60:00 |
60:00 |
0:00 | 0:00 |
| Extra Forwards |
|---|
| Normal | PowerPlay | Penalty Kill |
|
Taylor Hall, Calle Jarnkrok, David Gustafsson | Taylor Hall, Calle Jarnkrok | David Gustafsson |
| Extra Defensemen |
|---|
| Normal | PowerPlay | Penalty Kill |
|
Jordan Oesterle, Tyson Barrie, Mike Reilly | Jordan Oesterle, Tyson Barrie | Mike Reilly |
| Penalty Shots |
|---|
|
Alex Ovechkin, Scott Laughton, Aliaksei Protas, Tyler Bertuzzi, Vladislav Namestnikov |
| Goalie |
|---|
| Sam Montembeault, Semyon Varlamov |
| Scratches |
|---|
|
Benoit-Olivier Groulx (Healthy), Rafaël Harvey-Pinard (Healthy) |
Play-by-Play
1st period
0:01 of 1st period - Scott Laughton wins face-off versus Nico Hischier in neutral zone.
0:08 of 1st period - Wrist shot by Alex Ovechkin.
0:08 of 1st period - Stopped by Hunter Shepard with a rebound.
0:10 of 1st period - Slapshot by Aliaksei Protas.
0:10 of 1st period - Goal by Aliaksei Protas - Oilers : 0 - Lightning : 1.
0:11 of 1st period - Vladislav Namestnikov wins face-off versus Jared McCann in neutral zone.
0:14 of 1st period - Ty Emberson is hit by Vladislav Namestnikov.
0:38 of 1st period - Urho Vaakanainen is hit by Ty Emberson and loses puck.
0:43 of 1st period - Slapshot by Jack McBain.
0:43 of 1st period - Stopped by Sam Montembeault with a rebound.
1:03 of 1st period - Wrist shot by Alex Ovechkin.
1:03 of 1st period - Shot Misses the Net.
1:20 of 1st period - Off-side.
1:21 of 1st period - Tyler Bertuzzi wins face-off versus Blake Lizotte in neutral zone.
1:51 of 1st period - Wrist shot by Frank Vatrano.
1:51 of 1st period - Stopped by Sam Montembeault with a rebound.
1:53 of 1st period - Wrist shot by Frank Vatrano.
1:53 of 1st period - Stopped by Sam Montembeault with a rebound.
3:07 of 1st period - Wrist shot by Taylor Hall.
3:07 of 1st period - Shot Blocked by Blake Lizotte.
3:09 of 1st period - Slapshot by Colin Miller.
3:09 of 1st period - Shot Blocked by Ty Emberson.
3:15 of 1st period - Major / Game Misconduct Penalty to Moritz Seider for Spearing.
3:15 of 1st period - Moritz Seider is ejected from game.
3:16 of 1st period - Jack McBain wins face-off versus Scott Laughton in Oilers zone.
7:51 of 1st period - David Gustafsson is hit by Nico Hischier and loses puck.
8:04 of 1st period - Nate Schmidt is hit by Alex Ovechkin and loses puck.
8:15 of 1st period - Penalty to Moritz Seider is over, Noah Gregor is send on ice.
8:45 of 1st period - Snap shot by Frank Vatrano.
8:45 of 1st period - Goal by Frank Vatrano - Oilers : 1 - Lightning : 1.
8:46 of 1st period - Nico Hischier wins face-off versus Aliaksei Protas in neutral zone.
8:49 of 1st period - Snap shot by Rasmus Dahlin.
8:49 of 1st period - Deflect By Frank Vatrano.
8:49 of 1st period - Shot Misses the Net.
8:49 of 1st period - Puck is out of play.
8:50 of 1st period - Scott Laughton wins face-off versus Nico Hischier in Lightning zone.
9:30 of 1st period - Slapshot by Jared McCann.
9:30 of 1st period - Shot Misses the Net.
10:08 of 1st period - Slapshot by Erik Karlsson.
10:08 of 1st period - Shot Misses the Net.
10:50 of 1st period - Snap shot by Jack McBain.
10:50 of 1st period - Shot Misses the Net.
10:52 of 1st period - Snap shot by Ty Emberson.
10:52 of 1st period - Stopped by Sam Montembeault with a rebound.
11:22 of 1st period - Mike Reilly is hit by Rasmus Dahlin and loses puck.
12:49 of 1st period - Calle Jarnkrok is hit by Frank Vatrano and loses puck.
13:25 of 1st period - Jack McBain is hit by Tyler Motte and loses puck.
14:24 of 1st period - Alex Ovechkin is hit by Adrian Kempe and loses puck.
14:33 of 1st period - Minor Penalty to Nick Blankenburg for High sticking.
14:34 of 1st period - Vladislav Namestnikov wins face-off versus Jack McBain in Oilers zone.
14:39 of 1st period - Snap shot by Vladislav Namestnikov.
14:39 of 1st period - Shot Misses the Net.
14:57 of 1st period - Alex Ovechkin is hit by Jack McBain and loses puck.
15:41 of 1st period - Cole Smith is hit by Aliaksei Protas and loses puck.
16:04 of 1st period - Jack McBain is hit by Aliaksei Protas and loses puck.
16:19 of 1st period - Wrist shot by Blake Lizotte.
16:19 of 1st period - Shot Misses the Net.
16:21 of 1st period - Wrist shot by Noah Gregor.
16:21 of 1st period - Deflect By Blake Lizotte.
16:21 of 1st period - Stopped by Sam Montembeault with a rebound.
16:33 of 1st period - Penalty to Nick Blankenburg is over, Nick Blankenburg is back on ice.
17:21 of 1st period - Jordan Oesterle is hit by Nick Blankenburg and loses puck.
19:27 of 1st period - Erik Karlsson is hit by Adrian Kempe and loses puck.
19:52 of 1st period - Jordan Oesterle is hit by Frank Vatrano and loses puck.
Goals for this period are 1 for Oilers vs 1 for Lightning.
Shots for this period are 6 for Oilers vs 2 for Lightning.
2nd period
0:01 of 2nd period - Scott Laughton wins face-off versus Nico Hischier in neutral zone.
0:48 of 2nd period - Off-side.
0:49 of 2nd period - Jared McCann wins face-off versus Vladislav Namestnikov in neutral zone.
1:01 of 2nd period - Slapshot by Erik Karlsson.
1:01 of 2nd period - Shot Misses the Net.
2:23 of 2nd period - Wrist shot by Alex Ovechkin.
2:23 of 2nd period - Shot Misses the Net.
2:25 of 2nd period - Slapshot by Alex Ovechkin.
2:25 of 2nd period - Shot Misses the Net.
2:27 of 2nd period - Snap shot by Scott Laughton.
2:27 of 2nd period - Stopped by Hunter Shepard without a rebound.
2:28 of 2nd period - Vladislav Namestnikov wins face-off versus Nico Hischier in Oilers zone.
2:33 of 2nd period - Wrist shot by Vladislav Namestnikov.
2:33 of 2nd period - Stopped by Hunter Shepard with a rebound.
2:51 of 2nd period - Nico Hischier is hit by Tyler Bertuzzi.
2:58 of 2nd period - Minor Penalty to Colin Miller for Slashing.
2:59 of 2nd period - Jared McCann wins face-off versus Alex Ovechkin in Lightning zone.
3:13 of 2nd period - Snap shot by Chris Kreider.
3:13 of 2nd period - Shot Blocked by Luke Schenn.
3:38 of 2nd period - Snap shot by Frank Vatrano.
3:38 of 2nd period - Goal by Frank Vatrano - Oilers : 2 - Lightning : 1.
3:39 of 2nd period - Vladislav Namestnikov wins face-off versus Nico Hischier in neutral zone.
3:47 of 2nd period - Slapshot by Frank Vatrano.
3:47 of 2nd period - Shot Misses the Net.
3:49 of 2nd period - Snap shot by Ty Emberson.
3:49 of 2nd period - Shot Blocked by Urho Vaakanainen.
3:51 of 2nd period - Snap shot by Frank Vatrano.
3:51 of 2nd period - Shot Misses the Net.
3:53 of 2nd period - Slapshot by Ty Emberson.
3:53 of 2nd period - Stopped by Sam Montembeault without a rebound.
3:54 of 2nd period - Alex Ovechkin wins face-off versus Nico Hischier in Lightning zone.
5:06 of 2nd period - Off-side.
5:07 of 2nd period - Nico Hischier wins face-off versus Scott Laughton in neutral zone.
5:26 of 2nd period - Rasmus Dahlin is hit by Scott Laughton and loses puck.
6:12 of 2nd period - Wrist shot by Adrian Kempe.
6:12 of 2nd period - Shot Misses the Net.
6:14 of 2nd period - Snap shot by Radko Gudas.
6:14 of 2nd period - Shot Blocked by Tyson Barrie.
6:16 of 2nd period - Snap shot by Nico Hischier.
6:16 of 2nd period - Stopped by Sam Montembeault without a rebound.
6:17 of 2nd period - Jared McCann wins face-off versus Vladislav Namestnikov in Lightning zone.
6:53 of 2nd period - Snap shot by Calle Jarnkrok.
6:53 of 2nd period - Shot Misses the Net.
8:06 of 2nd period - Cole Smith is hit by Ben Jones and loses puck.
9:27 of 2nd period - Wrist shot by Jack McBain.
9:27 of 2nd period - Stopped by Sam Montembeault with a rebound.
9:39 of 2nd period - Snap shot by Nick Blankenburg.
9:39 of 2nd period - Deflect By Colin Miller.
9:39 of 2nd period - Stopped by Sam Montembeault with a rebound.
10:47 of 2nd period - Wrist shot by Nico Hischier.
10:47 of 2nd period - Shot Blocked by Calle Jarnkrok.
11:11 of 2nd period - Ben Jones is hit by Jared McCann and loses puck.
12:08 of 2nd period - Icing by Frank Vatrano.
12:09 of 2nd period - Ben Jones wins face-off versus Nico Hischier in Oilers zone.
12:34 of 2nd period - Wrist shot by Blake Lizotte.
12:34 of 2nd period - Shot Blocked by Tyler Motte.
12:36 of 2nd period - Wrist shot by Adam Edstrom.
12:36 of 2nd period - Stopped by Sam Montembeault without a rebound.
12:37 of 2nd period - Nico Hischier wins face-off versus Calle Jarnkrok in Lightning zone.
12:38 of 2nd period - Slapshot by Adrian Kempe.
12:38 of 2nd period - Stopped by Sam Montembeault without a rebound.
12:39 of 2nd period - Calle Jarnkrok wins face-off versus Nico Hischier in Lightning zone.
12:49 of 2nd period - Minor Penalty to Frank Vatrano for High sticking.
12:50 of 2nd period - Scott Laughton wins face-off versus Jack McBain in Oilers zone.
12:50 of 2nd period - Wrist shot by Alex Ovechkin.
12:50 of 2nd period - Shot Hit the Post.
13:32 of 2nd period - Snap shot by Blake Lizotte.
13:32 of 2nd period - Stopped by Sam Montembeault without a rebound.
13:33 of 2nd period - Vladislav Namestnikov wins face-off versus Noah Gregor in Lightning zone.
13:50 of 2nd period - Snap shot by Vladislav Namestnikov.
13:50 of 2nd period - Shot Misses the Net.
14:04 of 2nd period - Slapshot by Rasmus Dahlin.
14:04 of 2nd period - Stopped by Sam Montembeault with a rebound.
14:30 of 2nd period - Icing by Erik Karlsson.
14:31 of 2nd period - Vladislav Namestnikov wins face-off versus Noah Gregor in Lightning zone.
14:49 of 2nd period - Penalty to Frank Vatrano is over, Frank Vatrano is back on ice.
15:01 of 2nd period - Off-side.
15:02 of 2nd period - Nico Hischier wins face-off versus Calle Jarnkrok in neutral zone.
15:20 of 2nd period - Erik Karlsson is hit by Frank Vatrano and loses puck.
16:03 of 2nd period - Wrist shot by Tyler Bertuzzi.
16:03 of 2nd period - Shot Misses the Net.
16:59 of 2nd period - Noah Gregor is hit by Tyler Bertuzzi and loses puck.
17:22 of 2nd period - Snap shot by Nico Hischier.
17:22 of 2nd period - Stopped by Sam Montembeault with a rebound.
17:36 of 2nd period - Wrist shot by Aliaksei Protas.
17:36 of 2nd period - Shot Misses the Net.
17:38 of 2nd period - Wrist shot by Alex Ovechkin.
17:38 of 2nd period - Stopped by Hunter Shepard with a rebound.
19:17 of 2nd period - Taylor Hall is hit by Chris Kreider and loses puck.
19:36 of 2nd period - Wrist shot by Vladislav Namestnikov.
19:36 of 2nd period - Shot Misses the Net.
19:51 of 2nd period - Icing by Radko Gudas.
19:52 of 2nd period - Nico Hischier wins face-off versus Vladislav Namestnikov in Oilers zone.
Goals for this period are 1 for Oilers vs 0 for Lightning.
Shots for this period are 10 for Oilers vs 3 for Lightning.
3rd period
0:01 of 3rd period - Nico Hischier wins face-off versus Scott Laughton in neutral zone.
0:08 of 3rd period - Snap shot by Nico Hischier.
0:08 of 3rd period - Shot Blocked by Alex Ovechkin.
0:10 of 3rd period - Snap shot by Adrian Kempe.
0:10 of 3rd period - Deflect By Scott Laughton.
0:10 of 3rd period - Shot Blocked by Luke Schenn.
0:10 of 3rd period - Puck is out of play.
0:11 of 3rd period - Scott Laughton wins face-off versus Nico Hischier in Lightning zone.
0:38 of 3rd period - Erik Karlsson is hit by Ty Emberson and loses puck.
0:49 of 3rd period - Wrist shot by Chris Kreider.
0:49 of 3rd period - Stopped by Sam Montembeault with a rebound.
0:51 of 3rd period - Slapshot by Jani Hakanpää.
0:51 of 3rd period - Shot Misses the Net.
1:47 of 3rd period - Icing by Ondrej Palat.
1:48 of 3rd period - Calle Jarnkrok wins face-off versus Jared McCann in Oilers zone.
1:51 of 3rd period - Snap shot by Taylor Hall.
1:51 of 3rd period - Shot Misses the Net.
2:11 of 3rd period - Snap shot by Ondrej Palat.
2:11 of 3rd period - Shot Blocked by Urho Vaakanainen.
2:15 of 3rd period - Snap shot by Chris Kreider.
2:15 of 3rd period - Stopped by Sam Montembeault with a rebound.
2:17 of 3rd period - Slapshot by Chris Kreider.
2:17 of 3rd period - Stopped by Sam Montembeault without a rebound.
2:18 of 3rd period - Vladislav Namestnikov wins face-off versus Nico Hischier in Lightning zone.
2:35 of 3rd period - Wrist shot by Tyler Bertuzzi.
2:35 of 3rd period - Shot Blocked by Ty Emberson.
2:50 of 3rd period - Wrist shot by Jack McBain.
2:50 of 3rd period - Shot Blocked by Colin Miller.
3:33 of 3rd period - Minor Penalty to Radko Gudas for Holding.
3:34 of 3rd period - Blake Lizotte wins face-off versus Scott Laughton in Oilers zone.
4:02 of 3rd period - Icing by Tyler Motte.
4:03 of 3rd period - Vladislav Namestnikov wins face-off versus Jack McBain in Lightning zone.
4:08 of 3rd period - Cole Smith is hit by Tyler Bertuzzi.
4:34 of 3rd period - Nick Blankenburg is hit by Alex Ovechkin and loses puck.
4:41 of 3rd period - Backhand shot by Alex Ovechkin.
4:41 of 3rd period - Shot Misses the Net.
4:43 of 3rd period - Snap shot by Scott Laughton.
4:43 of 3rd period - Shot Misses the Net.
4:45 of 3rd period - Snap shot by Colin Miller.
4:45 of 3rd period - Shot Blocked by Blake Lizotte.
5:28 of 3rd period - Icing by Erik Karlsson.
5:29 of 3rd period - Scott Laughton wins face-off versus Adam Edstrom in Lightning zone.
5:33 of 3rd period - Penalty to Radko Gudas is over, Radko Gudas is back on ice.
5:48 of 3rd period - Taylor Hall is hit by Frank Vatrano and loses puck.
5:53 of 3rd period - Slapshot by Nico Hischier.
5:53 of 3rd period - Deflect By Adrian Kempe.
5:53 of 3rd period - Shot Misses the Net.
5:53 of 3rd period - Puck is out of play.
5:54 of 3rd period - Jared McCann wins face-off versus Vladislav Namestnikov in Lightning zone.
5:57 of 3rd period - Snap shot by Jared McCann.
5:57 of 3rd period - Shot Misses the Net.
5:59 of 3rd period - Snap shot by Ondrej Palat.
5:59 of 3rd period - Stopped by Sam Montembeault with a rebound.
6:01 of 3rd period - Wrist shot by Ondrej Palat.
6:01 of 3rd period - Shot Misses the Net.
6:03 of 3rd period - Wrist shot by Ty Emberson.
6:03 of 3rd period - Shot Misses the Net.
6:05 of 3rd period - Wrist shot by Chris Kreider.
6:05 of 3rd period - Stopped by Sam Montembeault with a rebound.
6:07 of 3rd period - Snap shot by Chris Kreider.
6:07 of 3rd period - Stopped by Sam Montembeault without a rebound.
6:08 of 3rd period - Scott Laughton wins face-off versus Nico Hischier in Lightning zone.
6:08 of 3rd period - Scott Laughton is hit by Nico Hischier.
6:16 of 3rd period - Slapshot by Luke Schenn.
6:16 of 3rd period - Stopped by Hunter Shepard with a rebound.
6:23 of 3rd period - Off-side.
6:24 of 3rd period - Jared McCann wins face-off versus Vladislav Namestnikov in neutral zone.
6:32 of 3rd period - Minor Penalty to Luke Schenn for Hooking.
6:33 of 3rd period - Alex Ovechkin wins face-off versus Nico Hischier in Lightning zone.
6:49 of 3rd period - Wrist shot by Frank Vatrano.
6:49 of 3rd period - Shot Blocked by Tyson Barrie.
7:22 of 3rd period - Snap shot by Nico Hischier.
7:22 of 3rd period - Stopped by Sam Montembeault with a rebound.
7:54 of 3rd period - Snap shot by Adrian Kempe.
7:54 of 3rd period - Stopped by Sam Montembeault with a rebound.
7:56 of 3rd period - Snap shot by Adrian Kempe.
7:56 of 3rd period - Goal by Adrian Kempe - Oilers : 3 - Lightning : 1.
7:57 of 3rd period - Calle Jarnkrok wins face-off versus Jared McCann in neutral zone.
8:00 of 3rd period - Chris Kreider is hit by Erik Karlsson and loses puck.
8:07 of 3rd period - Wrist shot by Taylor Hall.
8:07 of 3rd period - Shot Misses the Net.
8:09 of 3rd period - Snap shot by Calle Jarnkrok.
8:09 of 3rd period - Stopped by Hunter Shepard with a rebound.
8:11 of 3rd period - Slapshot by Luke Schenn.
8:11 of 3rd period - Stopped by Hunter Shepard with a rebound.
8:13 of 3rd period - Slapshot by Taylor Hall.
8:13 of 3rd period - Stopped by Hunter Shepard without a rebound.
8:14 of 3rd period - Jack McBain wins face-off versus Scott Laughton in Oilers zone.
8:19 of 3rd period - Alex Ovechkin is hit by Cole Smith and loses puck.
8:23 of 3rd period - Minor Penalty to Cole Smith for Tripping.
8:24 of 3rd period - Jack McBain wins face-off versus Alex Ovechkin in Oilers zone.
8:41 of 3rd period - Slapshot by Alex Ovechkin.
8:41 of 3rd period - Stopped by Hunter Shepard without a rebound.
8:42 of 3rd period - Jack McBain wins face-off versus Vladislav Namestnikov in Oilers zone.
8:59 of 3rd period - Slapshot by Vladislav Namestnikov.
8:59 of 3rd period - Shot Misses the Net.
10:23 of 3rd period - Penalty to Cole Smith is over, Cole Smith is back on ice.
11:17 of 3rd period - Ondrej Palat is hit by Alex Ovechkin and loses puck.
11:50 of 3rd period - Tyson Barrie is hit by Ty Emberson and loses puck.
12:03 of 3rd period - Frank Vatrano is hit by Tyler Motte and loses puck.
12:20 of 3rd period - Colin Miller is hit by Jared McCann and loses puck.
12:55 of 3rd period - Luke Schenn is hit by Cole Smith and loses puck.
13:54 of 3rd period - Tyson Barrie is hit by Ty Emberson and loses puck.
14:07 of 3rd period - Alex Ovechkin is hit by Nick Blankenburg and loses puck.
14:46 of 3rd period - Snap shot by Jack McBain.
14:46 of 3rd period - Deflect By Taylor Hall.
14:46 of 3rd period - Stopped by Sam Montembeault without a rebound.
14:47 of 3rd period - Blake Lizotte wins face-off versus Calle Jarnkrok in Lightning zone.
15:00 of 3rd period - Slapshot by Rasmus Dahlin.
15:00 of 3rd period - Deflect By Noah Gregor.
15:00 of 3rd period - Shot Misses the Net.
15:00 of 3rd period - Puck is out of play.
15:01 of 3rd period - Vladislav Namestnikov wins face-off versus Jack McBain in Lightning zone.
15:44 of 3rd period - Off-side.
15:45 of 3rd period - Vladislav Namestnikov wins face-off versus Ondrej Palat in neutral zone.
16:12 of 3rd period - Radko Gudas is hit by Calle Jarnkrok and loses puck.
16:19 of 3rd period - Urho Vaakanainen is hit by Cole Smith and loses puck.
16:56 of 3rd period - Erik Karlsson is hit by Ondrej Palat and loses puck.
18:50 of 3rd period - Yan Kuznetsov is hit by Adam Edstrom and loses puck.
18:57 of 3rd period - Wrist shot by Jack McBain.
18:57 of 3rd period - Stopped by Sam Montembeault with a rebound.
Goals for this period are 1 for Oilers vs 0 for Lightning.
Shots for this period are 11 for Oilers vs 5 for Lightning.